[Event "*** Titled Tuesday Blitz"]
[Site "Chess.com"]
[Date "2018.09.04"]
[Round "2"]
[White "nochewycandy"]
[Black "Caisachess"]
[Result "0-1"]
[WhiteElo "2132"]
[BlackElo "2232"]
[TimeControl "180+2"]
[EndTime "13:58:01 PDT"]
[Termination "Caisachess won by resignation"]

1. c4 Nf6 2. g3 e6 3. Bg2 Be7 4. Nf3 O-O 5. O-O d5 6. b3 c5 7. cxd5 exd5 8. d4 Nc6 9. Bb2 b6 10.
Nc3 h6 11. Rc1 Re8 12. Na4 Ne4 13. dxc5 bxc5 14. Ne1 Bf5 15. Nd3 Qa5 16. Qe1 Qb5 17. Bxe4 dxe4 18. Ndxc5 Bh3 19. Nxe4 Bxf1 20. Qc3 Bf8 21.
Kxf1 Rxe4 22. Qxc6 Qxe2+ 23. Kg1 Rae8 24. Nc3 Qxb2 25.
Nxe4 Rxe4 26. Rc2 Qb1+ 27. Kg2 Re1 28. Rc4 Rg1+ 29. Kh3 Qf5+ 30. g4 Qxf2 31. Qd5 Qe3+ 32. Kh4 Qg5+ 33. Qxg5 hxg5+ 34. Kxg5 Rg2 35. Ra4 Bc5 36. h4 f6+ 37. Kf5 Kf7 38. Ra6 g6+ 39. Kf4 Bb6 40. a4 Rb2 41. a5 Bc5 42. Rc6 Bd4 43. Ke4 Bf2 44. Rc3 Kg7 45. h5 gxh5 46.
gxh5 Kh6 47. Kf5 Bd4 48. Rd3 Be5 49. Rd8 Rxb3 50. Rh8+ Kg7 51. Ra8 Bd4 52. a6 Ra3 53. Ke6 Rxa6+ 54. Kf5 Ra5+ 55. Ke4 Bb6 56. Kf4 Rxh5 57.
Kg4 Rg5+ 58. Kf4 Kf7 59. Ke4 Ke6 60. Kf4 Rc5 61. Re8+ Kf7 62. Ra8 f5 63. Rb8 Rc4+ 64. Kg5 f4 65. Rb7+ Ke6 66. Kg4 Kd5 67. Kf3 Kc6 68.
Rh7 Kb5 69. Rh2 a5 70. Rb2+ Rb4 71. Re2 a4 72. Re5+ Bc5 73. Re8 a3 74. Ra8 Ra4 0-1

[Event "*** Titled Tuesday Blitz"]
[Site "Chess.com"]
[Date "2018.09.04"]
[Round "2"]
[White "Yurovskykh_Oleksandr"]
[Black "michaelk123"]
[Result "1-0"]
[WhiteElo "2440"]
[BlackElo "2477"]
[TimeControl "180+2"]
[EndTime "13:58:17 PDT"]
[Termination "Yurovskykh_Oleksandr won by checkmate"]

1. d4 Nf6 2. Bg5 d5 3. Bxf6 gxf6 4. e3 c5 5. dxc5 Nc6 6. c4 dxc4 7. Qxd8+ Kxd8 8. Bxc4 e6 9. Nc3 Bxc5 10. Nf3 Ke7 11. O-O a6 12. Be2 Bd7 13. Rac1 Ba7 14. Rfd1 Rac8 15. Ne4 Rc7 16. Rc2 Rd8 17. Rcd2 f5 18. Nc3 Be8 19. Rxd8 Nxd8 20. Ne5 Nc6 21. Nxc6+ Bxc6 22. Bf3 b5 23. Bxc6 Rxc6 24. Rc1 Rd6 25. Kf1 Rd2 26.
Nd1 Bb6 27. a3 Ba5 28. g3 Rd3 29. Ke2 Rd2+ 30. Kf1 Rd3 31. Ke2 Rd2+ 32. Kf1 Kd7 33. b4 Bb6 34. Nc3 Bc7 35. Rd1 Rxd1+ 36. Nxd1 Kc6 37.
Ke2 Kd5 38. Kd3 e5 39. Nc3+ Ke6 40. f3 Bb6 41. a4 bxa4 42. Nxa4 Ba7 43. e4 fxe4+ 44.
fxe4 h5 45. Nb2 f5 46. Nc4 Bg1 47. h3 Bf2 48. exf5+ Kxf5 49. g4+ hxg4 50. hxg4+ Kf4 51. Nd6 Be1 52. b5 a5 53. b6 Bf2 54. b7 Ba7 55. Ne4 a4 56. g5 a3 57. Kc2 Kf5 58. Kb3 Kxe4 59. g6 Kd3 60. g7 a2 61. Kxa2 e4 62.
g8=Q e3 63. Qd5+ Kc2 64. Qe5 Kd2 65. Qa5+ Kd1 66. Qxa7 e2 67. Qd4+ Kc1 68. b8=Q e1=Q 69. Qbb2# 1-0

[Event "*** Titled Tuesday Blitz"]
[Site "Chess.com"]
[Date "2018.09.04"]
[Round "2"]
[White "Eliwood44"]
[Black "PowerThinking2650"]
[Result "1/2-1/2"]
[WhiteElo "2171"]
[BlackElo "2220"]
[TimeControl "180+2"]
[EndTime "13:58:18 PDT"]
[Termination "Game drawn by stalemate"]

1. d4 Nf6 2. Nf3 g6 3. Nc3 d5 4. Bf4 Bg7 5. Nb5 Na6 6. h3 O-O 7. e3 c6 8. Na3 Nc7 9. Bd3 Ne4 10.
O-O b5 11. Bxe4 dxe4 12. Nd2 f5 13. c4 bxc4 14. Naxc4 Nd5 15. Be5 Be6 16. Bxg7 Kxg7 17.
Rc1 Nb4 18. Ne5 Nxa2 19. Rxc6 Bd5 20. Rc5 Nb4 21. Qa4 a5 22. Ra1 f4 23. Rxa5 Rxa5 24. Qxa5 Nc2 25. Qxd8 Rxd8 26. Rc1 fxe3 27. Rxc2 exd2 28.
Rxd2 Rc8 29. Ng4 Rc1+ 30. Kh2 Bc4 31. d5 h5 32. Ne5 Kf6 33. Nxc4 Rxc4 34. d6 exd6 35.
Rxd6+ Kf5 36. Rb6 h4 37. g4+ Kg5 38. Kg2 Rc2 39. Rb3 Kf4 40. Rb4 Rd2 41. Rb6 e3 42. Rf6+ Kg5 43. Rf3 e2 44. Re3 Rxb2 45. Kf3 Rb3 46.
Kxe2 Rb2+ 47. Kf3 Rb4 48. Re5+ Kf6 49. Rc5 Rb3+ 50. Kg2 g5 51. Rf5+ Kg6 52. Rf3 Rb1 53.
Ra3 Rb2 54. Kf3 Rc2 55. Ra6+ Kg7 56. Rd6 Rb2 57. Rd3 Ra2 58. Rc3 Kg6 59. Ke3 Rb2 60.
f4 gxf4+ 61. Kxf4 Rf2+ 62. Ke3 Rg2 63. Rc6+ Kg5 64. Rc5+ Kg6 65. Rf5 Rg3+ 66. Rf3 Rxf3+ 67. Kxf3 Kg5 68. Ke4 Kg6 69. Kf4 Kh6 70. g5+ Kh5 71.
g6 Kxg6 72. Kg4 Kh6 73. Kxh4 Kg6 74. Kg4 Kh6 75. h4 Kg6 76. h5+ Kh6 77. Kh4 Kh7 78.
Kg5 Kg7 79. h6+ Kh7 80. Kh5 Kh8 81. Kg6 Kg8 82. h7+ Kh8 83. Kh6 1/2-1/2

[Event "*** Titled Tuesday Blitz"]
[Site "Chess.com"]
[Date "2018.09.04"]
[Round "2"]
[White "Rakhmanov_Aleksandr"]
[Black "Rashad_Zeynalli"]
[Result "0-1"]
[WhiteElo "2786"]
[BlackElo "2353"]
[TimeControl "180+2"]
[EndTime "13:58:23 PDT"]
[Termination "Rashad_Zeynalli won by checkmate"]

1. c4 f5 2. d4 Nf6 3. Nc3 g6 4. h4 d6 5. h5 Nxh5 6. Rxh5 gxh5 7. e4 fxe4 8. Qxh5+ Kd7 9. Nxe4 c6 10. Be3 Qe8 11. Qh2 Kc7 12. O-O-O Bf5 13. Nc3 Nd7 14. c5 Rc8 15. d5 Kb8 16. dxc6 Rxc6 17. Bb5 Rc7 18. Nge2 Qf7 19. cxd6 exd6 20. Nd4 Bg6 21. Kd2 Ne5 22. Qf4 Qxf4 23. Bxf4 Nc4+ 24. Bxc4 Rxc4 25. Ke3 Be7 26. Nd5 Re8 27. Nxe7 Rxe7+ 28. Kf3 Be4+ 29. Kg3 Rg7+ 30. Kh4 Bxg2 31. b3 Rc3 32. Bxd6+ Kc8 33. Bg3 Rd7 34. Bf4 Bf3 35. Rd2 Be4 36. Be3 Rd5 37. Kg3 h5 38. Kf4 Bb1 39. Rb2 Bh7 40. Re2 Kd7 41. Re1 Rd3 42. Nf3 Rf5+ 43. Kg3 Rdd5 44. Nh4 Rf8 45. Rc1 Be4 46. Rc4 Bd3 47.
Ra4 a6 48. Rb4 b5 49. a4 Kc6 50. Kh2 Rd7 51. Ng2 Rg8 52. Nf4 Bf1 53. axb5+ axb5 54. Re4 Rdg7 55. Re6+ Kd7 56. Re5 Rg4 57. Rxh5 Kd6 58.
b4 Bc4 59. Rh6+ Ke5 60. Nh3 Bd5 61. Rh5+ Ke4 62. Nf4 Ba8 63. Nh3 Kd3 64. Nf4+ Kc4 65.
Ne6 Rg2+ 66. Kh3 Rg1 67. Bf4 Rh1+ 68. Bh2 Bg2+ 69. Kh4 Rxh2# 0-1

[Event "*** Titled Tuesday Blitz"]
[Site "Chess.com"]
[Date "2018.09.04"]
[Round "2"]
[White "alpasya2009"]
[Black "Schachmalanders"]
[Result "1-0"]
[WhiteElo "2450"]
[BlackElo "2377"]
[TimeControl "180+2"]
[EndTime "13:58:23 PDT"]
[Termination "alpasya2009 won by resignation"]

1. d4 d5 2. c4 e6 3. Nf3 c6 4.
Nbd2 f5 5. g3 Nf6 6. Bg2 Bd6 7.
O-O O-O 8. Ne5 Nbd7 9. Ndf3 Ne4 10. Bf4 Ndf6 11. c5 Bc7 12. b4 Bd7 13. Qb3 Be8 14. a4 Kh8 15. b5 Qe7 16. Rfb1 cxb5 17. axb5 b6 18. c6 Rg8 19. h4 h6 20. Bc1 g5 21. Ba3 Qg7 22. hxg5 hxg5 23. Bc1 g4 24. Ne1 Qh7 25. N1d3 Nh5 26. Nf4 Nxf4 27. Bxf4 Kg7 28.
Ra2 Rh8 29. Rba1 Bb8 30. Nd3 Qh2+ 31. Kf1 Bxf4 32. Nxf4 Kf6 33. Qd3 Rh7 34. Qe3 Re7 35.
Nd3 Ng5 36. Qe5+ Kf7 37. Nf4 a5 38. Rc2 Rc8 39. Rac1 Kf8 40. Rb1 Kf7 41. Rb3 Kf8 42.
Re3 Kf7 43. Qd6 Nh3 44. Nxh3 gxh3 45. Bf3 Kf6 46. Qe5+ Kf7 47. Qf4 Kf8 48. Qh6+ Kg8 49. Qg5+ Rg7 50. Qf4 Bh5 51. Rxe6 Bxf3 52. Qxf3 a4 53.
Re3 Ra7 54. Ra3 Re8 55. Qxd5+ Kh8 56. Qf3 Kg8 57. d5 Re4 58. d6 Rb4 59. Rc1 f4 60. d7 fxg3 61. d8=Q+ Kh7 62. Qdd3+ Kh8 63. Qc3+ Rg7 64. fxg3 Rg4 65. Rd1 Rxg3 66. Qxg3 Qxg3 67. Qxg3 h2 68. Qxg7+ Kxg7 69. Rg3+ Kf6 70. Rh3 h1=Q+ 71. Rxh1 a3 72. Ra1 1-0

[Event "*** Titled Tuesday Blitz"]
[Site "Chess.com"]
[Date "2018.09.04"]
[Round "2"]
[White "Gougoune25"]
[Black "nitpicker"]
[Result "0-1"]
[WhiteElo "2223"]
[BlackElo "2157"]
[TimeControl "180+2"]
[EndTime "13:58:24 PDT"]
[Termination "nitpicker won by resignation"]

1. e4 c5 2. Nc3 e6 3. Nge2 a6 4. d4 cxd4 5. Nxd4 Qc7 6. Be3 Nf6 7. Qd2 Bb4 8. Bd3 d5 9. f3 e5 10. Nb3 d4 11. Nxd4 exd4 12. Bxd4 Nbd7 13. O-O-O O-O 14. g4 Bc5 15. Bxc5 Nxc5 16. g5 Nxd3+ 17. Qxd3 Qf4+ 18. Kb1 Qxg5 19. Rhg1 Qe5 20. Rg2 Be6 21. Rdg1 g6 22. Rg5 Qxh2 23. Qd4 Nh5 24. b3 Rfd8 25. Qb6 Ng7 26. Kb2 Qd6 27. Qf2 Qd4 28. Qxd4 Rxd4 29. f4 Ne8 30. f5 Bd7 31. fxg6 hxg6 32. Re5 Bc6 33. Re7 Kf8 34. Re5 Nf6 35. Re1 Re8 36. Rxe8+ Kxe8 37. Nd5 Bxd5 38. exd5+ Kd7 39. c4 Rd2+ 40.
Ka3 b6 41. Re5 Ng4 42. Re4 Nf2 43. Rf4 f5 44. Kb4 Kd6 45. a4 Ke5 46. Rf3 g5 47. a5 bxa5+ 48. Kc5 g4 49. Re3+ Kf4 50. Re8 Ne4+ 51. Kc6 g3 52. c5 g2 53. Rg8 Ng3 54. d6 g1=Q 55. d7 Rc2 56. b4 axb4 57. d8=Q Qxc5+ 58. Kb7 Qc6+ 59. Ka7 Qc7+ 60. Qxc7+ Rxc7+ 61. Kxa6 b3 62. Rb8 Rc3 63. Ka5 Ne4 64. Ka4 Ke3 65. Ka3 f4 66. Rf8 f3 0-1

[Event "*** Titled Tuesday Blitz"]
[Site "Chess.com"]
[Date "2018.09.04"]
[Round "2"]
[White "PaulfromSPb"]
[Black "MITerryble"]
[Result "1-0"]
[WhiteElo "2648"]
[BlackElo "2758"]
[TimeControl "180+2"]
[EndTime "13:58:26 PDT"]
[Termination "PaulfromSPb won by resignation"]

1. d4 e6 2. e4 d5 3. Nd2 Be7 4. Ngf3 Nf6 5. Bd3 c5 6. dxc5 dxe4 7. Nxe4 Nxe4 8. Bxe4 Qxd1+ 9. Kxd1 Bxc5 10. Ke2 Nd7 11. Be3 Bxe3 12. Kxe3 Nc5 13. Rhd1 Nxe4 14. Kxe4 Ke7 15.
c4 Bd7 16. b3 f6 17. Nd4 Rhd8 18. f3 Rac8 19. Ke3 e5 20. Ne2 b5 21. cxb5 Bxb5 22. Rac1 Rxc1 23. Rxc1 Rd3+ 24. Ke4 Rd2 25. Ng3 Kd7 26.
Rg1 Rxa2 27. Nh5 Re2+ 28. Kd5 Rc2 29. Ke4 Re2+ 30. Kd5 Rd2+ 31. Kc5 Bc6 32. Nxg7 Rd3 33.
Kc4 Rd4+ 34. Kc3 Bb5 35. Nf5 Rd3+ 36. Kb4 a6 37. Ng3 Rd4+ 38. Kc3 Ke6 39. Ne4 h6 40. Ra1 Rd5 41. b4 Rd3+ 42. Kc2 Re3 43. Nc3 Bc4 44. Kd2 Rd3+ 45. Kc2 Rd4 46. Ra5 Bf1 47. Ra1 Bxg2 48.
Rxa6+ Ke7 49. Ne4 Bxf3 50. Nxf6 Kf7 51. Kc3 Rd8 52. h3 h5 53. b5 e4 54. Nh7 Bg2 55.
h4 e3 56. Ng5+ Kg8 57. Rg6+ Kh8 58. Nf7+ Kh7 59. Rxg2 Rd7 60. Ng5+ Kh6 61. Re2 Kg6 62.
Rxe3 Kf5 63. Kc4 Rc7+ 64. Kb4 Kg4 65. Re4+ Kg3 66. b6 Rc1 67. Kb5 Rb1+ 68. Rb4 Rd1 69. b7 Rd8 70. Kc6 Rh8 71. b8=Q+ Rxb8 72. Rxb8 Kxh4 73.
Ne6 Kg4 74. Rb4+ Kf5 75. Ng7+ Kg5 76. Nxh5 1-0

[Event "*** Titled Tuesday Blitz"]
[Site "Chess.com"]
[Date "2018.09.04"]
[Round "2"]
[White "platy3"]
[Black "Thjop"]
[Result "1/2-1/2"]
[WhiteElo "2748"]
[BlackElo "2540"]
[TimeControl "180+2"]
[EndTime "13:58:34 PDT"]
[Termination "Game drawn by agreement"]

1. e4 e6 2. d4 d5 3. Nc3 Nf6 4. e5 Nfd7 5. f4 c5 6. Nf3 Be7 7. Be3 b6 8. Qd2 O-O 9. h4 Ba6 10. Bxa6 Nxa6 11. h5 f5 12. exf6 Nxf6 13. Ne5 cxd4 14.
Bxd4 Bc5 15. O-O-O Rc8 16. g4 Bxd4 17. Qxd4 Nc5 18.
h6 Rc7 19. g5 Nfe4 20. Nxe4 Nxe4 21. g6 Qf6 22. gxh7+ Kh8 23. Kb1 gxh6 24. Rxh6 Qxh6 25.
Nf7+ Kxh7 26. Nxh6 Kxh6 27. Rh1+ Kg6 28. Qg1+ Kf6 29. Rh6+ Ke7 30. Rh7+ Rf7 31. Qg6 Rxh7 32. Qxh7+ Kd6 33. Qh6 Ng3 34. Qf8+ Kc6 35. Qe8+ Kd6 36. Qd8+ Rd7 37. Qb8+ Ke7 38. Qe5 Nf5 39. b3 d4 40. Qe4 Rd5 41. Kb2 Kd6 42. a4 a5 43. Qe2 Ke7 44. Qa6 Rd6 45. Qb7+ Kf6 46.
Qc7 Kg6 47. Kc1 Kf6 48. Kd2 Kg6 49. Kd3 Kf6 50. Ke4 d3 51. cxd3 Rd4+ 52. Kf3 Rxd3+ 53. Kf2 Rd6 54. Qh7 Rd4 55. Qh8+ Ke7 56. Qe5 Rd6 57. Kg2 Kd7 58. Qb5+ Ke7 59. Kh3 Kf6 60. Kg4 Ne3+ 61. Kf3 Nf5 62. Qe5+ Ke7 63. Kg4 Rd3 64. Qc7+ Kf6 65.
Qe5+ Kf7 66. Qc7+ Kf6 67. Qe5+ Kf7 68. Qc7+ 1/2-1/2

[Event "*** Titled Tuesday Blitz"]
[Site "Chess.com"]
[Date "2018.09.04"]
[Round "2"]
[White "GhostOfGreenval"]
[Black "Pilopa"]
[Result "1-0"]
[WhiteElo "2460"]
[BlackElo "2310"]
[TimeControl "180+2"]
[EndTime "13:58:35 PDT"]
[Termination "GhostOfGreenval won on time"]

1. d4 Nf6 2. c4 c5 3. d5 b5 4. cxb5 a6 5. bxa6 g6 6. Nc3 Bg7 7.
g3 O-O 8. Bg2 d6 9. Nf3 Nbd7 10.
O-O Nb6 11. Nd2 Bxa6 12. Re1 Nfd7 13. Qc2 Ne5 14. b3 c4 15. b4 Ng4 16. h3 Nf6 17.
Bb2 Bb7 18. e4 Nfd7 19. a4 Ne5 20. a5 Nbd7 21. Bf1 Nd3 22. Bxd3 cxd3 23. Qxd3 Ne5 24.
Qe2 Ba6 25. b5 Bc8 26. f4 Nd7 27. Nc4 Nc5 28. Kh2 Nb3 29. Ra2 Nxa5 30. Rea1 Nxc4 31.
Rxa8 Nxb2 32. Qxb2 Qc7 33. Rc1 Qc4 34. b6 Bb7 35.
Rxf8+ Kxf8 36. Qe2 Qb4 37. Qb5 Qd4 38. Rc2 Qe3 39. Qe2 Qxb6 40. Rb2 Qa7 41. Ra2 Qb6 42. Na4 Qd4 43. h4 Bc8 44. Rc2 Bd7 45. Nc3 h5 46. Nb1 Bg4 47. Qc4 Qb6 48. Nc3 Kg8 49. Kg2 Qe3 50. Nb5 Bf3+ 51. Kh2 Bxe4 52. Re2 Bd3 53. Rxe3 Bxc4 54. Nc7 Bf6 55. Kg2 Kf8 56.
Re4 Bd3 57. Re3 Bf5 58. Rb3 Bd4 59. Rb8+ Kg7 60. Ne8+ Kh7 61. Kf3 1-0

[Event "*** Titled Tuesday Blitz"]
[Site "Chess.com"]
[Date "2018.09.04"]
[Round "2"]
[White "ChainsOfFantasia"]
[Black "biostatistician"]
[Result "0-1"]
[WhiteElo "2391"]
[BlackElo "2482"]
[TimeControl "180+2"]
[EndTime "13:58:52 PDT"]
[Termination "biostatistician won by resignation"]

1. d4 Nf6 2. c4 g6 3. Nc3 Bg7 4. e4 d6 5. Be2 O-O 6. Nf3 e5 7. O-O Nbd7 8. Re1 c6 9. d5 Nc5 10. Bf1 a5 11. b3 Nh5 12. Rb1 f5 13. a3 fxe4 14. Ng5 Nf6 15. b4 axb4 16. axb4 Nd3 17. Bxd3 exd3 18. Qxd3 Bf5 19. Nge4 Nxe4 20. Nxe4 Qh4 21.
g3 Qh3 22. f3 Ra2 23. Rb2 Ra1 24. Bd2 Rxe1+ 25. Bxe1 Bh6 26. Bd2 Bxd2 27. Rxd2 Rd8 28. Qe3 Bxe4 29. Qxe4 Qf5 30. dxc6 Qxe4 31. fxe4 bxc6 32.
c5 Kf7 33. Kf2 Ke6 34. Ke3 d5 35. exd5+ Rxd5 36. Ra2 Rd4 37. Ra6 Kd5 38. Rb6 h5 39. Rb8 h4 40. gxh4 Rxh4 41. Rd8+ Kc4 42. Rd6 Kxb4 43.
Rxc6 Rxh2 44. Ke4 Re2+ 45. Kf3 Re1 46. Kf2 Re4 47. Kf3 Rc4 48. Rxg6 Kxc5 49. Ke3 Kd5 50. Rg8 Rc3+ 51. Kd2 Ra3 52. Rg4 Rh3 53. Ke2 Rc3 54. Kd2 Rf3 55. Ke2 Rh3 56. Kd2 Ke6 57. Rg5 Kf6 58. Rg8 Kf5 59. Ra8 Kf4 60. Rf8+ Ke4 61.
Rf2 Ra3 62. Rf7 Ra2+ 63. Kc3 Ke3 64. Re7 e4 65. Rh7 Ra8 66. Rh3+ Kf4 67. Rh4+ Kf3 68. Rh3+ Kg4 69. Rh7 Rd8 70. Rf7 e3 71. Kc2 Kg3 72. Rg7+ Kf2 73. Rf7+ Ke1 74. Rf3 e2 75. Rf7 Rd5 76.
Rf8 Rc5+ 77. Kb2 Kd2 78. Rd8+ Ke3 79. Re8+ Kd3 80. Rc8 Rxc8 0-1

[Event "*** Titled Tuesday Blitz"]
[Site "Chess.com"]
[Date "2018.09.04"]
[Round "2"]
[White "Lord_Neezy"]
[Black "Xeniya2005"]
[Result "1-0"]
[WhiteElo "2051"]
[BlackElo "1988"]
[TimeControl "180+2"]
[EndTime "13:58:55 PDT"]
[Termination "Lord_Neezy won by resignation"]

1. e4 c5 2. Nf3 Nc6 3. d4 cxd4 4. Nxd4 Nf6 5. Nc3 e6 6. Nxc6 bxc6 7. e5 Nd5 8. Ne4 f5 9. exf6 Nxf6 10. Nd6+ Bxd6 11.
Qxd6 Qe7 12. Bf4 Nd5 13. Qxe7+ Kxe7 14. Bg5+ Kf7 15. Bd2 Rb8 16. O-O-O Nf6 17. Bf4 Ra8 18. Bd6 Ne4 19. Bc4 Nxd6 20. Rxd6 Ke7 21. Rhd1 Rf8 22. f3 Rb8 23. Bf1 h5 24. c4 Rf5 25. R6d4 a5 26. Bd3 Rg5 27. Rd2 e5 28. Re4 d6 29. f4 Rf5 30. g3 Kf7 31. Re1 Rf6 32. fxe5 dxe5 33. Rxe5 a4 34. Rxh5 Bg4 35. Rg5 Bf3 36.
Be2 Bxe2 37. Rxe2 Rb4 38. Rc5 Kg6 39. Kc2 Rd6 40. Kc3 Rb7 41. b3 axb3 42. axb3 Rbd7 43. Re3 Kf7 44. h4 g6 45. Rf3+ Kg7 46. Re3 Rf6 47.
Kb4 Rb7+ 48. Ka5 Rf8 49. Rxc6 Ra8+ 50. Ra6 Rab8 51. Ka4 Rb4+ 52. Ka3 R4b7 53. Ra4 Rd8 54. b4 Rc8 55. b5 Rbc7 56. Rc3 Kf6 57. b6 Rc6 58. Rb4 Rb8 59. c5 Ke5 60. Ka4 Kd5 61.
Kb5 Rbxb6+ 62. cxb6 Rxc3 63. Rg4 Rb3+ 64. Ka6 Kc5 65. Rg5+ Kc4 66. Rxg6 Kc5 67. Kb7 Rf3 68. h5 Rf7+ 69. Ka6 Rf8 70. b7 Rh8 71. Ka7 Rh7 72.
h6 Kb5 73. g4 Kc5 74. g5 Kb5 75. Rg7 1-0

[Event "*** Titled Tuesday Blitz"]
[Site "Chess.com"]
[Date "2018.09.04"]
[Round "2"]
[White "ahmadzada13"]
[Black "VerdeNotte"]
[Result "1/2-1/2"]
[WhiteElo "2627"]
[BlackElo "2813"]
[TimeControl "180+2"]
[EndTime "13:59:07 PDT"]
[Termination "Game drawn by agreement"]

1. e4 e5 2. Nf3 Nc6 3. Bb5 a6 4.
Bxc6 dxc6 5. d4 exd4 6. Qxd4 Bg4 7. Nc3 Bxf3 8. Qxd8+ Rxd8 9. gxf3 g6 10. Be3 Bg7 11.
Ke2 Nf6 12. Rad1 Nd7 13. f4 Bxc3 14. bxc3 Ke7 15. h4 Nf6 16. Bd4 Rhe8 17. f3 Nh5 18.
Ke3 f6 19. Rd3 Kf7 20. Rhd1 b6 21. c4 c5 22. Bc3 Ke7 23. Rd5 c6 24. R5d3 a5 25.
Rb1 Rb8 26. e5 a4 27. Rbd1 Rb7 28. Rd6 fxe5 29. Bxe5 Rc8 30. Kf2 Ke8 31. Re1 Re7 32.
Rb1 Rb7 33. Re1 Kf8 34. f5 Kf7 35. Rg1 Rg8 36. fxg6+ Rxg6 37. Rgxg6 hxg6 38. Rxc6 b5 39. Rxc5 bxc4 40. Rxc4 Rb5 41. f4 Ra5 42. Kf3 Ke6 43. Kg4 Ra6 44. Bc3 Nf6+ 45. Bxf6 Kxf6 46. Rb4 a3 47.
Rb3 Ra4 48. Rb6+ Kf7 49. Rb7+ Kf6 50. Rb3 Ra6 51. c4 Ra4 52. c5 Rc4 53. Rb6+ Kg7 54. c6 Kh6 55. Ra6 Rc2 56. Rxa3 Rxc6 57. Ra5 Rc2 58. a4 Rg2+ 59. Kf3 Ra2 60. Ra6 Kh5 61. Ke4 Re2+ 62. Kd5 Rf2 63. Ke5 Re2+ 64. Kf6 Rf2 65. Ra5+ Kxh4 66. Kxg6 Rxf4 67. Ra8 Rc4 68. Kf6 Rc6+ 69.
Ke7 Kg5 70. a5 Rg6 71. Kd7 Kh6 72. Kc7 Rg7+ 73. Kb6 Rg6+ 74. Kc7 Rg7+ 75. Kd6 Rg6+ 76. Ke5 Kh7 77. Kf5 Rc6 78. Rb8 Rc5+ 1/2-1/2

[Event "*** Titled Tuesday Blitz"]
[Site "Chess.com"]
[Date "2018.09.04"]
[Round "2"]
[White "timator"]
[Black "Rodalquilar"]
[Result "1/2-1/2"]
[WhiteElo "2398"]
[BlackElo "2437"]
[TimeControl "180+2"]
[EndTime "13:59:15 PDT"]
[Termination "Game drawn - insufficient material"]

1. Nf3 d5 2. d4 Nf6 3. c4 dxc4 4. e3 g6 5. Bxc4 Bg7 6. O-O O-O 7. b4 Ne4 8. Bb2 Nd6 9. Bb3 Nc6 10. a3 a5 11. Qd2 Ne4 12. Qe1 axb4 13. axb4 Rxa1 14. Bxa1 Qd6 15. Nc3 Qxb4 16. Bxf7+ Rxf7 17. Nxe4 Bf5 18.
Neg5 Rf8 19. d5 Qxe1 20. Rxe1 Nb4 21. Bxg7 Kxg7 22. e4 Bc8 23. Nd4 Nd3 24. Nge6+ Bxe6 25. Nxe6+ Kf6 26. Re3 Ra8 27. g3 Ra1+ 28. Kg2 Ne1+ 29. Kh3 c6 30. Nc5 cxd5 31. exd5 g5 32. Nd7+ Kf5 33.
Re5+ Kg6 34. Re6+ Kf5 35. Rxe7 g4+ 36. Kh4 Nf3+ 37. Kh5 Rh1 38. Rf7+ Ke4 39. Rf4+ Kxd5 40. Kxg4 Nxh2+ 41. Kg5 Kd6 42. Nf6 Nf1 43. Nh5 b5 44.
Rf6+ Kc5 45. Rf5+ Kc4 46. Nf6 b4 47. Rf4+ Kc5 48. Nd7+ Kd6 49. Rd4+ Ke7 50. Rxb4 Kxd7 51. g4 Nd2 52. f4 Nf3+ 53. Kf5 Nh4+ 54. Kg5 Nf3+ 55.
Kf5 Kc6 56. Rc4+ Kd5 57. Rc3 Nd4+ 58. Kg5 Ke4 59. f5 Nf3+ 60. Kf6 Ra1 61. Rc7 h6 62. Kg7 Rg1 63. f6 Rxg4+ 64. Kxh6 Ne5 65. Re7 Kf5 66. Rxe5+ Kxf6 67. Rh5 Rg8 68. Kh7 Rg7+ 69. Kh6 Ra7 70. Rh1 Ra6 71. Rf1+ Ke5+ 72. Kg5 Ra8 73. Re1+ Kd4 74.
Kf4 Kd3 75. Rd1+ Ke2 76. Rd7 Rf8+ 77. Ke4 Re8+ 78. Kf4 Rf8+ 79. Ke4 Ra8 80. Kf4 Ra4+ 81. Kf5 Ra5+ 82. Ke4 Ra4+ 83. Rd4 Rxd4+ 84. Kxd4 1/2-1/2

[Event "*** Titled Tuesday Blitz"]
[Site "Chess.com"]
[Date "2018.09.04"]
[Round "2"]
[White "SmoothAsAHedgehog"]
[Black "volcanoexplorer"]
[Result "1-0"]
[WhiteElo "2590"]
[BlackElo "2327"]
[TimeControl "180+2"]
[EndTime "13:59:20 PDT"]
[Termination "SmoothAsAHedgehog won by resignation"]

1. c4 Nf6 2. g3 e5 3. Bg2 Nc6 4. Nc3 g6 5. d3 Bg7 6. Nf3 d6 7. O-O O-O 8. Rb1 a5 9. a3 Be6 10. b4 axb4 11. axb4 Ne7 12. Ng5 Bc8 13. Bb2 h6 14. Nf3 Be6 15. b5 Nd7 16. Nd2 c6 17. Ra1 f5 18. Rxa8 Qxa8 19. Qa1 Nc5 20. Qb1 Qa5 21. Qc2 Qc7 22. Ra1 f4 23. Nde4 Nxe4 24. Bxe4 fxg3 25. hxg3 d5 26. Bg2 dxc4 27. bxc6 bxc6 28.
dxc4 Bxc4 29. Ba3 Rf7 30. Rc1 Qa7 31. Bxe7 Qxf2+ 32. Kh2 Rxe7 33. Ne4 Qxe2 34. Qxc4+ Qxc4 35. Rxc4 Rc7 36. Nf2 Rd7 37. Bxc6 Rd2 38. Kg1 Rd4 39. Rc2 h5 40. Ne4 Bh6 41. Kg2 Kf7 42. Re2 Ke7 43.
Bb5 Ke6 44. Ba6 Ke7 45. Nf2 Kd6 46. Bb7 Bg7 47. Bf3 Ke6 48. Ne4 Bh6 49. Nf2 Rd2 50.
Re1 Bf8 51. Kf1 Rb2 52. Nd3 Rb5 53. Be4 Kf6 54. Kg2 Bd6 55. Rf1+ Kg7 56. Rc1 Rb8 57. Rc6 Rd8 58. Kf3 Kf6 59. Ra6 g5 60. Ra7 h4 61. g4 Bb8 62. Ra6+ Rd6 63. Ra8 Rd8 64. Nb4 Ke6 65. Ra6+ Bd6 66. Bf5+ Kf6 67. Nd5+ Kf7 68. Ra7+ Kf8 69. Rh7 Rb8 70. Nf6 Rb3+ 71. Ke4 Be7 72. Nd5 Bd6 73. Be6 h3 74. Nf6 Rb4+ 75.
Kf5 Rf4+ 76. Kg6 Rxf6+ 77. Kxf6 Ke8 78. Rh8+ Bf8 79. Rxh3 e4 80. Re3 Be7+ 81. Kf5 Bf8 82. Rxe4 Kd8 83. Bf7 Bd6 84. Kxg5 1-0

[Event "*** Titled Tuesday Blitz"]
[Site "Chess.com"]
[Date "2018.09.04"]
[Round "2"]
[White "ElHelvetico"]
[Black "Vuk2000"]
[Result "0-1"]
[WhiteElo "2649"]
[BlackElo "2738"]
[TimeControl "180+2"]
[EndTime "13:59:26 PDT"]
[Termination "Vuk2000 won by resignation"]

1. e4 e6 2. d4 d5 3. Nc3 Bb4 4. e5 c5 5. a3 Bxc3+ 6. bxc3 Ne7 7.
Qg4 Qc7 8. Bd3 c4 9. Bf1 Nf5 10.
h4 Nc6 11. h5 h6 12. Qh3 Bd7 13. g4 Nfxd4 14. cxd4 Nxd4 15. Ra2 Qxe5+ 16. Qe3 Qxe3+ 17. Bxe3 Nc6 18. c3 e5 19. f3 Be6 20. Rb2 O-O-O 21. Ne2 d4 22. Bd2 Rhe8 23. Ng3 dxc3 24. Bxc3 Nd4 25. Kf2 Bd5 26. Bg2 a6 27. a4 Nb3 28.
a5 Nc5 29. Bf1 f6 30. Be2 Rd7 31. Rd2 Red8 32. Rhd1 Na4 33. Rc1 Nc5 34. Rcd1 Nb3 35. Rc2 Rc7 36. Nf5 Rdd7 37. Bb4 Be6 38. Nd6+ Kb8 39. Ke1 Nd4 40. Rc3 Rc6 41. Ne4 Ka8 42.
Nc5 Rdc7 43. Nxe6 Nxe6 44. Rdc1 Nd4 45. Rxc4 Nxf3+ 46. Kf2 Nd4 47. Rxc6 Nxc6 48. Bd2 Rd7 49. Be3 Kb8 50. Bb6 Nb4 51. Rc5 Nd5 52. Bc4 Nxb6 53.
axb6 Rd6 54. Rc7 Rxb6 55. Rxg7 a5 56. Rg6 Rc6 57. Bf7 a4 58. Rxh6 a3 59. Rh8+ Ka7 60. Rd8 Rc7 61. Bg8 Rc2+ 62. Kg3 Rc3+ 63. Kh4 Rc2 64. Rd1 b5 65. g5 Rh2+ 66. Kg4 Rg2+ 67.
Kh3 Rxg5 68. Kh4 Rxg8 69. h6 b4 70. Kh5 Kb6 71. h7 Rh8 72. Kg6 Kb5 73. Kg7 Rxh7+ 74. Kxh7 b3 75. Kg6 b2 76. Rd8 Kc4 77. Rb8 e4 0-1

[Event "*** Titled Tuesday Blitz"]
[Site "Chess.com"]
[Date "2018.09.04"]
[Round "2"]
[White "Supernotar"]
[Black "Fighterman91"]
[Result "0-1"]
[WhiteElo "2460"]
[BlackElo "2483"]
[TimeControl "180+2"]
[EndTime "13:59:41 PDT"]
[Termination "Fighterman91 won by checkmate"]

1. d4 Nf6 2. c4 g6 3. Nc3 d5 4. cxd5 Nxd5 5. e4 Nxc3 6. bxc3 Bg7 7. Nf3 c5 8. Be3 Qa5 9. Qd2 O-O 10. Rc1 Nd7 11. Be2 Nf6 12. e5 Nd5 13. O-O cxd4 14. cxd4 Qxd2 15. Bxd2 Bd7 16. Ng5 Rac8 17. Ne4 Bc6 18. f3 Rfd8 19. Kf2 f6 20. exf6 exf6 21. Nc5 Re8 22. Rfd1 f5 23. Nb3 Kh8 24. Bc4 Nb6 25.
Bf1 Bd5 26. Bf4 Rxc1 27. Nxc1 Rc8 28. Be5 Kg8 29. Bd3 Nd7 30. Bxg7 Kxg7 31. Nb3 Rc3 32.
Nc1 Kf6 33. Ke2 Nb6 34. h4 Na4 35. Kf2 Nb2 36. Rd2 Nxd3+ 37. Nxd3 a5 38. Nc5 Ra3 39. Ke1 b5 40. Rb2 b4 41. Nb3 Ke6 42. Nc1 Bc4 43.
Kd2 Kd5 44. Rc2 f4 45. Rb2 Rc3 46. Rc2 Rxc2+ 47. Kxc2 Kxd4 48. Kd2 a4 49. Kc2 Ke3 50. Kb2 Kd2 51. Kb1 a3 52. h5 gxh5 53. Nb3+ Bxb3 54.
axb3 Kc3 55. Ka2 h4 56. g4 hxg3 57. Ka1 g2 58. Ka2 h5 59. Ka1 h4 60. Ka2 h3 61.
Ka1 h2 62. Ka2 Kc2 63. Ka1 Kxb3 64. Kb1 Kc3 65. Ka2 Kc4 66. Kb1 b3 67. Kc1 Kd3 68.
Kd1 b2 69. Ke1 Ke3 70. Kd1 Kxf3 71. Kc2 g1=Q 72. Kb3 Qc5 73. Ka2 h1=Q 74. Kb3 Qb1 75. Ka4 a2 76. Kb3 Qcc2+ 77. Kb4 Ke3 78. Kb5 f3 79.
Kb6 f2 80. Kb7 f1=Q 81. Kb8 Qf7 82. Ka8 Qch7 83. Kb8 Qbg6 84. Ka8 Qgg7 85. Kb8 a1=Q 86. Kc8 b1=Q 87. Kd8 Qbd3+ 88. Kc8 Qdd7+ 89. Kb8 Qde7 90. Kc8 Qad4 91. Kb8 Qdd7 92. Ka8 Kd4 93. Kb8 Kc5 94. Ka8 Kb6 95. Kb8 Kc6 96. Ka8 Kc7 97. Ka7 Qa1# 0-1